 Dungeon Crawl Stone Soup version 0.25.1-2-g60ff931df9 (webtiles) character file.

Game seed: 17558060071601804121

168 Borneo the Grave Robber (level 5, -5/35 HPs)
             Began as a Vampire Necromancer on Oct 24, 2020.
             Slain by an orc
             ... wielding a +0 falchion
              (7 damage)
             ... on level 3 of the Dungeon.
             The game lasted 00:15:50 (2482 turns).

Borneo the Grave Robber (Vampire Necromancer)       Turns: 2482, Time: 00:15:52

Health: -5/35      AC:  2    Str:  7    XL:     5   Next: 24%
Magic:  1/10       EV: 13    Int: 19    God:
Gold:   132        SH:  0    Dex: 14    Spells: 2/11 levels left

rFire    . . .     SeeInvis +   (no weapon)
rCold    . . .     Gourm    .   (no shield)
rNeg     . . .     Faith    .   a - +0 robe
rPois    .         Spirit   .   (no helmet)
rElec    .         Reflect  .   (no cloak)
rCorr    .         Harm     .   (no gloves)
MR       .....                  (no boots)
Stlth    ++........             (no amulet)
HPRegen  0.31/turn              (no ring)
MPRegen  0.12/turn              (no ring)

@: regenerating quickly
A: no food, fangs 3, see invisible, unbreathing
a: Exsanguinate


You were on level 3 of the Dungeon.
You were alive.

You visited 1 branch of the dungeon, and saw 3 of its levels.

You collected 132 gold pieces.

Inventory:

Armour
 a - a +0 robe (worn)
Jewellery
 j - an uncursed ring of fire {unknown}
Scrolls
 h - 3 scrolls of teleportation
Potions
 b - 2 potions of haste {unknown}
 g - 3 potions of curing
 i - a potion of magic {unknown}
 l - a potion of ambrosia {unknown}
 m - a potion of lignification {unknown}
 n - a potion of stabbing {unknown}


   Skills:
 + Level 0.1 Fighting
 + Level 2.3 Dodging
 + Level 3.0 Stealth
 + Level 3.5 Spellcasting
 + Level 6.0 Necromancy


You had 2 spell levels left.
You knew the following spells:

 Your Spells              Type           Power        Failure   Level  Hunger
a - Pain                  Necr           ####         1%          1    N/A
b - Animate Skeleton      Necr           N/A          1%          1    N/A
c - Vampiric Draining     Necr           ####......   3%          3    N/A
d - Animate Dead          Necr           N/A          12%         4    N/A

Your spell library contained the following spells:

 Spells                   Type           Power        Failure   Level  Hunger
 Agony                    Necr           ####....     32%         5    N/A

Dungeon Overview and Level Annotations

Branches:
Dungeon (3/15)

Altars:
Gozag
Nemelex Xobeh


Innate Abilities, Weirdness & Mutations

You do not eat.
Your natural rate of healing is unusually fast.
You have razor-sharp teeth.
You have supernaturally acute eyesight. (SInv)
You can survive without breathing.


Message History

Aiming: Pain (safe; 1% risk of failure)
Press: ? - help, Shift-Dir - straight line, f - orc
Aim: an orc, wielding a +0 falchion (chance to defeat MR: 93%)
The orc writhes in agony.
The bat barely misses you.
You barely miss the orc.
The orc is moderately wounded.
The orc hits you with a +0 falchion!
* * * LOW HITPOINT WARNING * * *
The bat barely misses you.
You closely miss the bat. The bat hits you but does no damage.
The orc hits you with a +0 falchion.
* * * LOW HITPOINT WARNING * * *
A kobold comes into view. It is wielding a +0 short sword.
The kobold shouts!
You hear a shout! x2
The orc hits you from afar with a +0 trident of protection.
* * * LOW HITPOINT WARNING * * *
The bat hits you.
* * * LOW HITPOINT WARNING * * *
The orc hits you with a +0 falchion!
You die...

. .# ## ###.. ... ..
##.... K... ... #.
#####..# ..... ...##.
#.....###...... ......#
#....oo@b..r...
...#..###...oo###o.....
#.......#..............
#...........###......
##..........# .#.
#......##### #
##......##
##.)......####
#....?........


You could see 5 orcs, a bat, a kobold and a rat.

Vanquished Creatures
  An ogre (D:2)
  2 adders
  3 dart slugs (D:1)
  A leopard gecko (D:2)
  3 ball pythons
  3 giant cockroaches (D:2)
  2 goblins
  2 hobgoblins
  10 jackals
  3 bats
  4 kobolds
  5 rats
39 creatures vanquished.

Vanquished Creatures (collateral kills)
  An adder (D:2)
  An ooze (D:2)
  3 jackals
  A bat (D:3)
  A frilled lizard (D:3)
  A rat (D:2)
8 creatures vanquished.

Grand Total: 47 creatures vanquished

Notes
Turn   | Place    | Note
-------+----------+-------------------------------------------
     0 | D:1      | Borneo the Vampire Necromancer began the quest for the Orb.
     0 | D:1      | Reached XP level 1. HP: 13/13 MP: 3/3
   271 | D:1      | Reached XP level 2. HP: 19/19 MP: 1/5
   484 | D:1      | Learned a level 1 spell: Animate Skeleton
   589 | D:1      | Reached skill level 5 in Necromancy
  1233 | D:2      | Reached XP level 3. HP: 8/24 MP: 1/6
  1267 | D:2      | Learned a level 3 spell: Vampiric Draining
  1571 | D:2      | Noticed an ogre
  1613 | D:2      | Killed an ogre
  1613 | D:2      | Reached XP level 4. HP: 16/30 MP: 0/8
  1620 | D:2      | Learned a level 4 spell: Animate Dead
  1731 | D:2      | Found an opulent altar of Gozag.
  1731 | D:2      | Found a sparkling altar of Nemelex Xobeh.
  1740 | D:2      | Reached XP level 5. HP: 35/35 MP: 10/10
  1743 | D:2      | Reached skill level 6 in Necromancy
  2482 | D:3      | Slain by an orc

Illustrated notes

Levels and vault maps discovered:
D:1:      erik_arrival_blinker_ship, layout_basic
D:2:      layout_loops_ring, grunt_temple_overflow_opulence, serial_rivers,
          chequers_serial_rivers_small_b, chequers_serial_rivers_small_b,
          chequers_serial_rivers_small_b, chequers_serial_rivers_room_a
D:3:      layout_rooms, first_ration, doesnt_xom_only_xom, uniq_robin

Skill      XL: |  1  2  3  4  5 |
---------------+----------------+-----
Necromancy     | 5 6 |  6.0
Spellcasting   | 3 |  3.5
Fighting       | |  0.1
Dodging        | |  2.3
Stealth        | |  3.0

Action                   |  1- 3 |  4- 6 || total
-------------------------+-------+-------++-------
Melee: Unarmed           |    23 |     3 ||    26
       Bite              |     2 |       ||     2
 Cast: Pain              |    50 |    22 ||    72
       Animate Skeleton  |     8 |     5 ||    13
       Vampiric Draining |     1 |     1 ||     2
       Animate Dead      |       |     1 ||     1
  Use: Scroll            |       |     6 ||     6
Armor: Robe              |     6 |    15 ||    21
Dodge: Dodged            |    29 |    44 ||    73
